TOP OF THE 1ST |
Hamilton Ross Rams batting - Pitching for Arizona State University Sun Devils : RHP Vogte Brown
|
Pitching: RHP Vogte Brown
|
|
Batting: LHB Addergoole Kartosuwiryo
|
0-0: Ball 1-0: Ball 2-0: Ball 3-0: Base on Balls
|
Batting: RHB Giovonni Melis
|
0-0: Foul Ball, location: 3SF 0-1: Ball 1-1: Ball Addergoole Kartosuwiryo steals 2nd, throwing error, E2 Addergoole Kartosuwiryo to third 2-1: Swinging Strike 2-2: Strikes out swinging
|
Batting: RHB Burke Miller
|
0-0: Ball 1-0: Called Strike 1-1: Foul Ball, location: 9LMF 1-2: Strikes out swinging
|
Batting: LHB Miguel Silveira
|
0-0: Ball 1-0: Swinging Strike 1-1: Foul Ball, location: 7LSF 1-2: Strikes out swinging
|
Top of the 1st over - 0 runs, 0 hits, 1 error, 1 left on base; Hamilton Ross 0 - Arizona State University 0 |
BOTTOM OF THE 1ST |
Arizona State University Sun Devils batting - Pitching for Hamilton Ross Rams : RHP Raymilson La Arena
|
Pitching: RHP Raymilson La Arena
|
|
Batting: LHB Eric Russell
|
0-0: Ball 1-0: Called Strike 1-1: Foul Ball, location: 25FF 1-2: Foul Ball, location: 2F 1-2: Strikes out swinging
|
Batting: RHB Hervé Papin
|
0-0: DOUBLE (Line Drive, 78D, EV 106.9 MPH)
|
Batting: LHB Fabio Interlenghi
|
0-0: Called Strike 0-1: Swinging Strike 0-2: Strikes out swinging
|
Batting: LHB Timon Giorgiou
|
0-0: Ball 1-0: Called Strike 1-1: Ball 2-1: Foul Ball, location: 25F 2-2: Strikes out looking
|
Bottom of the 1st over - 0 runs, 1 hit, 0 errors, 1 left on base; Hamilton Ross 0 - Arizona State University 0 |
TOP OF THE 2ND |
Hamilton Ross Rams batting - Pitching for Arizona State University Sun Devils : RHP Vogte Brown
|
Batting: RHB Christian Leschak
|
0-0: Ball 1-0: Ball 2-0: Called Strike 2-1: Foul Ball, location: 9LDF 2-2: Foul Ball, location: 5F 2-2: Strikes out swinging
|
Batting: RHB Sam Costello
|
0-0: Called Strike 0-1: SINGLE (Line Drive, 4D, EV 103.1 MPH)
|
Batting: LHB Jose Lopez
|
0-0: Ball 1-0: Called Strike 1-1: Called Strike 1-2: Strikes out swinging
|
Batting: RHB C.J. Fleet
|
0-0: Called Strike 0-1: Foul Ball, location: 5FF 0-2: Foul Ball, location: 2F 0-2: Foul Ball, location: 2F 0-2: Strikes out swinging
|
Top of the 2nd over - 0 runs, 1 hit, 0 errors, 1 left on base; Hamilton Ross 0 - Arizona State University 0 |
BOTTOM OF THE 2ND |
Arizona State University Sun Devils batting - Pitching for Hamilton Ross Rams : RHP Raymilson La Arena
|
Batting: RHB Rusty Gee
|
0-0: Ball 1-0: Foul Ball, location: 9LMF 1-1: Swinging Strike 1-2: Strikes out looking
|
Batting: RHB Carl Evans
|
0-0: Ball 1-0: Called Strike 1-1: Fly out, F8 (Flyball, 8LXD, EV 108.1 MPH)
|
Batting: RHB Kawenaula Kapali
|
0-0: Ball 1-0: Called Strike 1-1: Ball 2-1: Fly out, F8 (Flyball, 8RS, EV 93.8 MPH)
|
Bottom of the 2nd over - 0 runs, 0 hits, 0 errors, 0 left on base; Hamilton Ross 0 - Arizona State University 0 |
TOP OF THE 3RD |
Hamilton Ross Rams batting - Pitching for Arizona State University Sun Devils : RHP Vogte Brown
|
Batting: RHB Mark Kerr
|
0-0: Ball 1-0: Swinging Strike 1-1: Foul Ball, location: 23F 1-2: Ball 2-2: Strikes out swinging
|
Batting: LHB Addergoole Kartosuwiryo
|
0-0: Ball 1-0: Called Strike 1-1: Ball 2-1: Ground out 3-1 (Groundball, 34, EV 98.1 MPH)
|
Batting: RHB Giovonni Melis
|
0-0: Ball 1-0: Swinging Strike 1-1: Foul Ball, location: 2F 1-2: Foul Ball, location: 2F 1-2: Ball 2-2: Ground out 6-3 (Groundball, 6, EV 94.4 MPH)
|
Top of the 3rd over - 0 runs, 0 hits, 0 errors, 0 left on base; Hamilton Ross 0 - Arizona State University 0 |
BOTTOM OF THE 3RD |
Arizona State University Sun Devils batting - Pitching for Hamilton Ross Rams : RHP Raymilson La Arena
|
Batting: RHB John Burgis
|
0-0: Foul Ball, location: 5F 0-1: Called Strike 0-2: Strikes out swinging
|
Batting: LHB Burraga Iukini
|
0-0: Called Strike 0-1: Called Strike 0-2: Foul Ball, location: 7LMF 0-2: Foul Ball, location: 3F 0-2: Strikes out swinging
|
Batting: LHB Eric Russell
|
0-0: Ground out 6-3 (Groundball, 6, EV 110.6 MPH)
|
Bottom of the 3rd over - 0 runs, 0 hits, 0 errors, 0 left on base; Hamilton Ross 0 - Arizona State University 0 |
TOP OF THE 4TH |
Hamilton Ross Rams batting - Pitching for Arizona State University Sun Devils : RHP Vogte Brown
|
Batting: RHB Burke Miller
|
0-0: Ground out 5-3 (Groundball, 5L, EV 106.9 MPH)
|
Batting: LHB Miguel Silveira
|
0-0: Swinging Strike 0-1: Swinging Strike 0-2: Ball 1-2: Strikes out looking
|
Batting: RHB Christian Leschak
|
0-0: Called Strike 0-1: Swinging Strike 0-2: Foul Ball, location: 9LSF 0-2: Ball 1-2: Foul Ball, location: 5F 1-2: Strikes out swinging
|
Top of the 4th over - 0 runs, 0 hits, 0 errors, 0 left on base; Hamilton Ross 0 - Arizona State University 0 |
BOTTOM OF THE 4TH |
Arizona State University Sun Devils batting - Pitching for Hamilton Ross Rams : RHP Raymilson La Arena
|
Batting: RHB Hervé Papin
|
0-0: Called Strike 0-1: Ball 1-1: Ball 2-1: DOUBLE (Line Drive, 9LS, EV 86.9 MPH)
|
Batting: LHB Fabio Interlenghi
|
0-0: SINGLE (Groundball, 6D, EV 107.5 MPH) (infield hit) Hervé Papin to third
|
Batting: LHB Timon Giorgiou
|
0-0: Ball 1-0: Called Strike 1-1: Ball 2-1: Fly out, F8 (Flyball, 8RD, EV 110.0 MPH) Runner from 3rd tags up, SCORES, no throw by CF
|
Batting: RHB Rusty Gee
|
0-0: Ball 1-0: Called Strike 1-1: Called Strike Fabio Interlenghi steals 2nd base 1-2: Foul Ball, location: 9LSF 1-2: Foul Ball, location: 9LSF 1-2: Ball 2-2: Ball 3-2: Strikes out swinging
|
Batting: RHB Carl Evans
|
0-0: Ball 1-0: Foul Ball, location: 2RF, Error on foul ball, E2 1-1: Fly out, F8 (Line Drive, 8RM, EV 108.8 MPH)
|
Bottom of the 4th over - 1 run, 2 hits, 1 error, 1 left on base; Hamilton Ross 0 - Arizona State University 1 |
TOP OF THE 5TH |
Hamilton Ross Rams batting - Pitching for Arizona State University Sun Devils : RHP Vogte Brown
|
Batting: RHB Sam Costello
|
0-0: Ball 1-0: Foul Ball, location: 9LSF 1-1: Ball 2-1: Called Strike 2-2: Ball 3-2: Foul Ball, location: 25FF 3-2: Foul Ball, location: 5FF 3-2: Ground out 6-3 (Groundball, 6, EV 88.8 MPH)
|
Batting: LHB Jose Lopez
|
0-0: Ball 1-0: Ground out U3 (Groundball, 3, EV 85.6 MPH)
|
Batting: RHB C.J. Fleet
|
0-0: Called Strike 0-1: Ball 1-1: Foul Ball, location: 9LDF 1-2: Foul Ball, location: 2F 1-2: Ball 2-2: Strikes out looking
|
Top of the 5th over - 0 runs, 0 hits, 0 errors, 0 left on base; Hamilton Ross 0 - Arizona State University 1 |
BOTTOM OF THE 5TH |
Arizona State University Sun Devils batting - Pitching for Hamilton Ross Rams : RHP Raymilson La Arena
|
Batting: RHB Kawenaula Kapali
|
0-0: Ball 1-0: Called Strike 1-1: Foul Ball, location: 2F 1-2: Strikes out looking
|
Batting: RHB John Burgis
|
0-0: Fly out, F7 (Flyball, 78M, EV 93.1 MPH)
|
Batting: LHB Burraga Iukini
|
0-0: Ball 1-0: Swinging Strike 1-1: Called Strike 1-2: Ball 2-2: Strikes out swinging
|
Bottom of the 5th over - 0 runs, 0 hits, 0 errors, 0 left on base; Hamilton Ross 0 - Arizona State University 1 |
TOP OF THE 6TH |
Hamilton Ross Rams batting - Pitching for Arizona State University Sun Devils : RHP Vogte Brown
|
Pitching: RHP Dave Cano
|
|
Batting: RHB Mark Kerr
|
0-0: Ball 1-0: Ball 2-0: Ball 3-0: Base on Balls
|
Batting: LHB Addergoole Kartosuwiryo
|
0-0: Called Strike 0-1: Swinging Strike 0-2: Ball 1-2: Strikes out swinging
|
Batting: RHB Giovonni Melis
|
0-0: Ball 1-0: Ball 2-0: Ball 3-0: Base on Balls Mark Kerr to second
|
Batting: RHB Burke Miller
|
0-0: Called Strike 0-1: Ball 1-1: Ball 2-1: Foul Ball, location: 2F 2-2: Fly out, F8 (Flyball, 8RM, EV 93.1 MPH)
|
Pinch Hitting: SHB Steve Bailey
|
0-0: Foul Ball, location: 5DF 0-1: Called Strike 0-2: Foul Ball, location: 25FF 0-2: Strikes out looking
|
Top of the 6th over - 0 runs, 0 hits, 0 errors, 2 left on base; Hamilton Ross 0 - Arizona State University 1 |
BOTTOM OF THE 6TH |
Arizona State University Sun Devils batting - Pitching for Hamilton Ross Rams : RHP Raymilson La Arena
|
Now at 3B: Waggoner Wagner
|
|
Batting: LHB Eric Russell
|
0-0: Fly out, F8 (Flyball, 8RS, EV 87.5 MPH)
|
Batting: RHB Hervé Papin
|
0-0: Fly out, F6 (Line Drive, 6, EV 62.5 MPH)
|
Batting: LHB Fabio Interlenghi
|
0-0: Ground out 4-3 (Groundball, 4, EV 95.0 MPH)
|
Bottom of the 6th over - 0 runs, 0 hits, 0 errors, 0 left on base; Hamilton Ross 0 - Arizona State University 1 |
TOP OF THE 7TH |
Hamilton Ross Rams batting - Pitching for Arizona State University Sun Devils : RHP Dave Cano
|
Batting: RHB Christian Leschak
|
0-0: Ball 1-0: Ball 2-0: Ball 3-0: Base on Balls
|
Batting: RHB Sam Costello
|
0-0: Sac Bunt to 13S - play at first, batter OUT! 1-4 Christian Leschak to second
|
Batting: LHB Jose Lopez
|
0-0: Fly out, F8 (Flyball, 8LD, EV 106.9 MPH)
|
Batting: RHB C.J. Fleet
|
0-0: Ground out 6-3 (Groundball, 56, EV 79.4 MPH)
|
Top of the 7th over - 0 runs, 0 hits, 0 errors, 1 left on base; Hamilton Ross 0 - Arizona State University 1 |
BOTTOM OF THE 7TH |
Arizona State University Sun Devils batting - Pitching for Hamilton Ross Rams : RHP Raymilson La Arena
|
Batting: LHB Timon Giorgiou
|
0-0: Called Strike 0-1: Ball 1-1: Ball 2-1: SINGLE (Line Drive, 9S, EV 98.1 MPH)
|
Batting: RHB Rusty Gee
|
0-0: Ball Timon Giorgiou is caught stealing 2nd base 2-4 1-0: Ground out 6-3 (Groundball, 6, EV 88.1 MPH)
|
Batting: RHB Carl Evans
|
0-0: Called Strike 0-1: Swinging Strike 0-2: Strikes out looking
|
Bottom of the 7th over - 0 runs, 1 hit, 0 errors, 0 left on base; Hamilton Ross 0 - Arizona State University 1 |
TOP OF THE 8TH |
Hamilton Ross Rams batting - Pitching for Arizona State University Sun Devils : RHP Dave Cano
|
Batting: RHB Mark Kerr
|
0-0: Foul Ball, location: 3FF 0-1: Foul Ball, location: 25FF 0-2: Strikes out swinging
|
Batting: LHB Addergoole Kartosuwiryo
|
0-0: Ball 1-0: Called Strike 1-1: Ball 2-1: Swinging Strike 2-2: Ball 3-2: Strikes out looking
|
Batting: RHB Giovonni Melis
|
0-0: Foul Ball, location: 2F 0-1: Ball 1-1: Ball 2-1: Foul Ball, location: 2F 2-2: Strikes out swinging
|
Top of the 8th over - 0 runs, 0 hits, 0 errors, 0 left on base; Hamilton Ross 0 - Arizona State University 1 |
BOTTOM OF THE 8TH |
Arizona State University Sun Devils batting - Pitching for Hamilton Ross Rams : RHP Raymilson La Arena
|
Batting: RHB Kawenaula Kapali
|
0-0: Ball 1-0: Called Strike 1-1: Ground out 5-3 (Groundball, 56, EV 101.9 MPH)
|
Batting: RHB John Burgis
|
0-0: Ball 1-0: Foul Ball, location: 7LMF 1-1: Foul Ball, location: 23F 1-2: Foul Ball, location: 3F 1-2: Strikes out swinging
|
Batting: LHB Burraga Iukini
|
0-0: Fly out, F9 (Flyball, 9, EV 94.4 MPH)
|
Bottom of the 8th over - 0 runs, 0 hits, 0 errors, 0 left on base; Hamilton Ross 0 - Arizona State University 1 |
TOP OF THE 9TH |
Hamilton Ross Rams batting - Pitching for Arizona State University Sun Devils : RHP Dave Cano
|
Pitching: LHP Coen van Oorschot
|
|
Batting: RHB Burke Miller
|
0-0: Ball 1-0: SINGLE (Groundball, 5S, EV 68.8 MPH) (infield hit)
|
Batting: RHB Waggoner Wagner
|
0-0: Called Strike 0-1: Fielders Choice at 2nd, 6-4 (Groundball, 6, EV 103.8 MPH)
|
Pinch Hitting: RHB Anderson Shumate
|
0-0: Ball 1-0: Foul Ball, location: 2F 1-1: Called Strike 1-2: Foul Ball, location: 9LDF 1-2: Foul Ball, location: 9LSF 1-2: Ball 2-2: Strikes out swinging
|
Batting: RHB Sam Costello
|
0-0: Ground out 4-3 (Groundball, 4, EV 86.3 MPH)
|
Top of the 9th over - 0 runs, 1 hit, 0 errors, 1 left on base; Hamilton Ross 0 - Arizona State University 1 |
|